 Dungeon Crawl Stone Soup version 0.14-a0-953-g9e7f188 (webtiles) character file.

379 PolkaDot the Ruinous (level 5, -15/35 HPs)
             Began as a Vampire Conjurer on Nov 20, 2013.
             Was an Initiate of Vehumet.
             Demolished by Prince Ribbit (17 damage)
             ... on Level 4 of the Dungeon.
             The game lasted 00:12:28 (2990 turns).

PolkaDot the Ruinous (Vampire Conjurer)             Turns: 2990, Time: 00:12:29

HP -15/35        AC  6     Str  7      XL: 5   Next: 39%
MP   9/9         EV 12     Int 20      God: Vehumet [......]
Gold 191         SH  0     Dex 14      Spells:  2 memorised,  3 levels left

Res.Fire  : + . .   See Invis. : +   m - +0,+2 dagger (venom)
Res.Cold  : x . .   Warding    : .   a - +0 robe
Life Prot.: . . .   Conserve   : .   (no shield)
Res.Poison: .       Res.Corr.  : .   (helmet restricted)
Res.Elec. : .       Clarity    : .   p - +0 elf cloak
Sust.Abil.: . .     Spirit.Shd : .   g - +2 pair of gauntlets
Res.Mut.  : .       Stasis     : .   (no boots)
Res.Rott. : .       Flight     : .   (no amulet)
Saprovore : . . .                    (no ring)
                                     q - ring of fire

@: regenerating quickly, somewhat resistant to hostile enchantments, stealthy
A: fangs 3, horns 1, see invisible, clever 1, magic resistance 1, unbreathing
a: Renounce Religion


You were on level 4 of the Dungeon.
You worshipped Vehumet.
Vehumet was noncommittal.
You were full.

You visited 2 branches of the dungeon, and saw 6 of its levels.

You collected 191 gold pieces.

Inventory:

Hand weapons
 m - a +0,+2 dagger of venom (weapon)
Armour
 a - a +0 robe (worn)
 g - a +2 pair of gauntlets (worn)
 p - a +0 elven cloak (worn)
Magical devices
 r - a wand of frost (8)
Scrolls
 d - 3 scrolls of curse weapon {unknown}
 e - 3 scrolls of remove curse
 f - a scroll of fear {unknown}
 h - a scroll of enchant armour {unknown}
 i - 4 scrolls of teleportation {unknown}
 j - 2 scrolls of fog {unknown}
 k - a scroll of random uselessness {unknown}
 l - 3 scrolls of identify {unknown}
 n - a scroll of recharging {unknown}
 o - a scroll of blinking {unknown}
Jewellery
 q - a ring of fire (left hand)
Books
 c - a book of Conjurations

   Spells                             Type                      Level
   *Magic Dart                        Conjuration                  1
   *Searing Ray                       Conjuration                  2
   Dazzling Spray                     Conjuration/Hexes            3
   Iskenderun's Mystic Blast          Conjuration                  4
   Iskenderun's Battlesphere          Conjuration/Charms           4
   Fulminant Prism                    Conjuration/Hexes            5


   Skills:
 - Level 2.1 Dodging
 - Level 3.0 Stealth
 + Level 1.0 Spellcasting
 * Level 5.1 Conjurations


You had 3 spell levels left.
You knew the following spells:

 Your Spells              Type           Power        Failure   Level  Hunger
a - Magic Dart            Conj           ###.         2%          1    ##.....
s - Searing Ray           Conj           ###...       3%          2    ###....


Dungeon Overview and Level Annotations

Branches:
Dungeon (5/16)             Temple (1/1) D:4

Altars:
Makhleb
Nemelex Xobeh
Okawaru
Sif Muna
Vehumet
Xom
Zin

Shops:
D:5 (

Annotations:
D:4 Edmund, Prince Ribbit
D:5 Menkaure


Innate Abilities, Weirdness & Mutations

Your natural rate of healing is unusually fast.
You have razor-sharp teeth.*
You have supernaturally acute eyesight.
You can survive without breathing.*
You have a pair of small horns on your head.*
Your mind is acute. (Int +2)
You are resistant to hostile enchantments.+


Message History

Prince Ribbit blinks!
Prince Ribbit hits you!
Prince Ribbit catches a centipede with his tongue.
Prince Ribbit hits you but does no damage.
Prince Ribbit hits you!
Read which item? (? for menu, Esc to quit)
Okay, then.
Okay, then.
Things that are here:
an orcish dagger; an orcish chain mail; an orc corpse Prince Ribbit barely misses you.
Prince Ribbit hits you!
* * * LOW HITPOINT WARNING * * *
You aren't carrying any potions.
Read which item? (? for menu, Esc to quit)
Okay, then.
Prince Ribbit blinks!
Prince Ribbit closely misses you. Prince Ribbit hits you!
You die...

*,*#.#######.......#
*,##.#### #.......#
#.#.....####.......#
................#####
#<#####.#...........#
#######.#.#####.###.###
..........#...........#
..........#..##.###.#.#
..........#..#..@.#.#.#
#######.#.#..#.F#.#.#.#
##.#.##.#..#.#.#.###### #
###..#.##......#.#......#
#
#......####..###.######.#
# #.#[###..)...#
#.....##.# #
#.#.*##.####.# #####....#
# *,#.*#....,#.# ######
####.#,.......#.#


You could see Prince Ribbit.

Vanquished Creatures
  A hound (D:4)
  A worker ant (D:4)
  Ijyb (D:2)
  Terence (D:2)
  4 adders
  2 giant mites
  A giant gecko (D:5)
  3 orcs
  6 giant cockroaches
  4 hobgoblins
  8 bats
  4 giant newts
  5 goblins
  6 jackals
  3 kobolds
  A quokka (D:2)
  10 rats
61 creatures vanquished.

Notes
Turn   | Place    | Note
--------------------------------------------------------------
     0 | D:1      | PolkaDot, the Vampire Conjurer, began the quest for the Orb.
     0 | D:1      | Reached XP level 1. HP: 13/13 MP: 4/4
   569 | D:2      | Reached XP level 2. HP: 19/19 MP: 1/5
   649 | D:2      | Learned a level 2 spell: Searing Ray
  1176 | D:2      | Noticed Terence
  1177 | D:2      | Noticed Ijyb
  1191 | D:2      | Killed Terence
  1191 | D:2      | Reached XP level 3. HP: 11/24 MP: 0/6
  1199 | D:2      | Killed Ijyb
  1199 | D:2      | Reached skill level 4 in Conjurations
  1519 | D:2      | Found a shimmering altar of Xom.
  1520 | D:2      | Noticed an angel
  1526 | D:2      | Found a glowing silver altar of Zin.
  1656 | D:2      | Reached XP level 4. HP: 13/30 MP: 8/8
  2062 | D:3      | Found a sparkling altar of Nemelex Xobeh.
  2520 | D:4      | Reached XP level 5. HP: 35/35 MP: 4/9
  2545 | D:4      | Reached skill level 5 in Conjurations
  2658 | D:4      | Noticed Prince Ribbit
  2685 | D:5      | Entered Level 5 of the Dungeon
  2709 | D:5      | Found Cotumuh's Antique Weapon Emporium.
  2726 | D:4      | Noticed Edmund
  2729 | D:4      | Gained mutation: Your mind is acute. (Int +2) [potion of mutation]
  2729 | D:4      | Gained mutation: You have a pair of small horns on your head. [potion of mutation]
  2729 | D:4      | Gained mutation: You are resistant to hostile enchantments. [potion of mutation]
  2751 | D:4      | Found a staircase to the Ecumenical Temple.
  2757 | Temple   | Entered the Ecumenical Temple
  2768 | Temple   | Became a worshipper of Vehumet
  2896 | D:5      | Noticed Menkaure
  2983 | D:4      | HP: 1/35 [Prince Ribbit (12)]
  2990 | D:4      | Demolished by Prince Ribbit

Action                   |  1- 3 |  4- 6 || total
-------------------------+-------+-------++-------
Melee: Unarmed           |    31 |       ||    31
       Dagger            |    36 |    76 ||   112
 Cast: Magic Dart        |    28 |       ||    28
       Searing Ray       |     3 |     4 ||     7
Evoke: Wand              |       |     1 ||     1
  Use: Scroll            |     1 |     2 ||     3
       Potion            |     2 |     4 ||     6
 Stab: Sleeping          |     2 |     6 ||     8
